 Dungeon Crawl Stone Soup version 0.28-a0-476-g0f06bd746f (webtiles) character file.

Game seed: 11008437966048610009

767 Spaninq the Gusty (level 7, -3/57 HPs)
             Began as a Red Draconian Air Elementalist on Sept 16, 2021.
             Was an Initiate of Hepliaklqana.
             Killed by divine providence
             ... invoked by an orc priest
              (16 damage)
             ... on level 4 of the Dungeon.
             The game lasted 00:16:19 (5313 turns).

Spaninq the Gusty (Red Draconian Air Elementalist)  Turns: 5313, Time: 00:16:20

Health: -3/57      AC:  6    Str: 11    XL:     7   Next: 52%
Magic:  1/14       EV: 12    Int: 17    God:    Hepliaklqana [......]
Gold:   200        SH:  0    Dex: 11    Spells: 8/15 levels left

rFire   + . .      SeeInvis .   k - +1 dagger (venom)
rCold   . . .      Faith    .   (no shield)
rNeg    . . .      Spirit   .   (armour unavailable)
rPois   .          Reflect  .   (helmet restricted)
rElec   .          Harm     .   (no cloak)
rCorr   .          Rampage  .   (no gloves)
Will    .....                   (no boots)
Stlth   ++........              (no amulet)
HPRegen 0.19/turn               (no ring)
MPRegen 0.14/turn               (no ring)

@: short of breath
A: breathe fire, AC +6, unfitting armour, fire resistance 1, cold-blooded, claws
1, robust 1
a: Breathe Fire, Renounce Religion


You were on level 4 of the Dungeon.
You worshipped Hepliaklqana.
Hepliaklqana was noncommittal.
You visited 1 branch of the dungeon, and saw 6 of its levels.

You collected 200 gold pieces.

Inventory:

Hand Weapons
 k - a +1 dagger of venom (weapon)
Missiles
 c - 100 stones
Armour
 b - a +0 buckler
 p - a scarf of harm
Jewellery
 o - a ring of positive energy
 t - a ring of fire
Wands
 h - a wand of paralysis (9)
Scrolls
 a - 3 scrolls of noise {unknown}
 f - a scroll of magic mapping {unknown}
 g - 4 scrolls of enchant armour {unknown}
 i - 2 scrolls of teleportation {unknown}
 j - a scroll of acquirement {unknown}
 n - 3 scrolls of identify {unknown}
 r - a scroll of fog {unknown}
Potions
 d - a potion of magic {unknown}
 e - a potion of might {unknown}
 l - a potion of heal wounds {unknown}
 m - a potion of degeneration {unknown}
 q - a potion of lignification {unknown}
 s - a potion of curing {unknown}


   Skills:
 + Level 1.5 Fighting
 - Level 1.7 Dodging
 - Level 1.7 Stealth
 + Level 4.7 Spellcasting
 - Level 1.0 Conjurations
 * Level 7.4 Air Magic


You had 8 spell levels left.
You knew the following spells:

 Your Spells              Type           Power      Damage    Failure   Level
a - Shock                 Conj/Air       72%        1d7       2%          1
b - Static Discharge      Conj/Air       18%        N/A       4%          2
c - Airstrike             Air            14%        N/A       7%          4

Your spell library contained the following spells:

 Spells                   Type           Power      Damage    Failure   Level
 Swiftness                Air            29%        N/A       1%          3
 Poisonous Vapours        Pois/Air       32%        N/A       4%          2
 Sting                    Tmut/Pois      12%        1d3       14%         1
 Olgreb's Toxic Radiance  Pois           3%         N/A       82%         4
 Alistair's Intoxication  Tmut/Pois      2%         N/A       99%         5
 Eringya's Noxious Bog    Tmut/Pois      1%         N/A       100%        6
 Chain Lightning          Conj/Air       9%         3d12      100%        9
 Fire Storm               Conj/Fire      2%         8d1       100%        9
 Shatter                  Erth           1%         3d6*      100%        9


Dungeon Overview and Level Annotations

Branches:
Dungeon (6/15)
 Temple: D:4-7

Altars:
Ashenzari
Gozag
Hepliaklqana
Trog
Xom

Shops:
D:2 (


Innate Abilities, Weirdness & Mutations

You can breathe blasts of fire.
Your fiery red scales are hard. (AC +6)
You cannot fit into any form of body armour.
Your flesh is heat resistant. (rF+)
You are cold-blooded and may be slowed by cold attacks.
You have sharp fingernails.
You are robust. (+10% HP)


Message History

The steam dragon bites you.
The steam dragon claws you but does no damage.
Press: ? - help, Shift-Dir - straight line, f - steam dragon
Aim: a steam dragon (steam, moderately wounded, catching its breath)
You breathe a blast of fire.
The fiery breath hits the steam dragon.
The steam dragon is heavily wounded.
The steam dragon is engulfed in blazing flames.
The steam dragon bites you but does no damage.
The steam dragon misses you.
Casting: Static Discharge (safe; 4% risk of failure)
Confirm with . or Enter, or press ? or * to list all spells.
The steam dragon is struck by an arc of lightning!
You kill the steam dragon!
You are struck by an arc of lightning.
The lightning grounds out.
Your Fighting skill increases to level 1!
You start resting.
An orc priest is nearby!
Casting: Static Discharge (safe; 4% risk of failure)
Confirm with . or Enter, or press ? or * to list all spells.
The orc priest is struck by an arc of lightning.
The orc priest is moderately wounded.
The lightning grounds out.
The orc priest hits you with a +0 hand axe!
Casting: Static Discharge (safe; 4% risk of failure)
Confirm with . or Enter, or press ? or * to list all spells.
The orc priest is struck by an arc of lightning.
The orc priest is heavily wounded.
You are struck by an arc of lightning.
The lightning grounds out.
The orc priest closely misses you.
You closely miss the orc priest.
The orc priest is heavily wounded.
The orc priest miscasts a cantrip.
You closely miss the orc priest.
The orc priest is heavily wounded.
The orc priest calls down the wrath of Beogh upon you.
Pain shoots through your body!
* * * LOW HITPOINT WARNING * * *
The orc priest mumbles some strange prayers to Beogh against you.
Beogh smites you!
You die...

#.####B.o......##
#...<.#......#.#
#####.#.####o#.##
..........h..
##..#####.#...
..............
#######.....o.....
#..oo..[...###....
#@###o.....# #....
#....#
#.###.)).).######. ##
#....#
#......)#.......#. ..
#....# #######)#
#####.#. #. #....# #)#
#..h.... ###.# ....# #.#
#..##.#. ....# ... #.#
#..##.#. ....# #.##.#
#######.# #..##.#.
....####.##.##.#.......#
#.....#.


You could see an orc priest and an orc.

Vanquished Creatures
  A steam dragon (D:4)
  A centaur (D:6)
  A water moccasin zombie (D:6)
  A jelly (D:5)
  A bullfrog skeleton (D:4)
  A gnoll shaman (D:4)
  Natasha (thrice) (D:2)
  A killer bee zombie (D:6)
  5 gnolls
  6 adders
  An adder zombie (D:5)
  2 dart slugs (D:1)
  9 orcs
  5 ball pythons
  2 bats
  8 endoplasms
  A giant cockroach (D:3)
  2 goblins
  6 hobgoblins
  7 jackals
  7 kobolds
  4 quokkas
  A frilled lizard (D:2)
  3 rats
79 creatures vanquished.

Vanquished Creatures (collateral kills)
  A phantom (D:6)
  A bullfrog zombie (D:6)
  A gnoll (D:6)
  A shadow imp (D:6)
4 creatures vanquished.

Grand Total: 83 creatures vanquished

Notes
Turn   | Place    | Note
-------+----------+-------------------------------------------
     0 | D:1      | Spaninq the Draconian Air Elementalist began the quest for
                  | the Orb.
     0 | D:1      | Reached XP level 1. HP: 14/14 MP: 3/3
   379 | D:1      | You fall into a shaft and drop 1 floor!
   380 | D:2      | Found Ywink's Weapon Emporium.
   431 | D:1      | Reached XP level 2. HP: 20/20 MP: 3/5
   616 | D:1      | Found a faded altar of an unknown god.
   628 | D:1      | Became a worshipper of Xom the Elder Chaos God
  1103 | D:1      | XOM: silly message
  1180 | D:1      | XOM: silly message
  1298 | D:2      | Learned a level 2 spell: Static Discharge
  1344 | D:2      | Reached XP level 3. HP: 26/26 MP: 0/6
  1420 | D:2      | Found an opulent altar of Gozag.
  1487 | D:2      | XOM: god gift: golden potion {god gift}
  1543 | D:2      | Noticed Natasha
  1557 | D:2      | Killed Natasha
  1558 | D:2      | Reached skill level 4 in Air Magic
  1562 | D:2      | XOM: silly message
  1654 | D:2      | Noticed Natasha
  1701 | D:2      | XOM: confuse monster(s)
  1723 | D:2      | Killed Natasha
  1724 | D:2      | Reached XP level 4. HP: 33/33 MP: 5/8
  1765 | D:2      | Noticed Natasha
  1792 | D:2      | Killed Natasha
  1893 | D:2      | XOM is BORED!
  1893 | D:2      | XOM: noise
  1899 | D:2      | Learned a level 4 spell: Airstrike
  1975 | D:2      | XOM: snakes to sticks
  2176 | D:3      | XOM: 2-stop teleportation journey
  2255 | D:3      | Reached skill level 5 in Air Magic
  2376 | D:3      | You fall into a shaft and drop 3 floors!
  2384 | D:6      | Reached XP level 5. HP: 38/38 MP: 2/9
  2441 | D:6      | XOM: divination: magic mapping
  2948 | D:6      | Noticed a centaur
  2949 | D:6      | Gained mutation: You are robust. (+10% HP) [potion of
                  | mutation]
  2949 | D:6      | Gained mutation: You have sharp fingernails. [potion of
                  | mutation]
  2957 | D:6      | Killed a centaur
  2958 | D:6      | Reached XP level 6. HP: 12/49 MP: 2/11
  3217 | D:6      | XOM: 1-stop teleportation journey
  3232 | D:6      | XOM: summons 6 friendly demons
  3244 | D:6      | Reached skill level 6 in Air Magic
  3361 | D:6      | Found a bloodstained altar of Trog.
  3389 | D:5      | Entered Level 5 of the Dungeon
  3462 | D:5      | Found a broken altar of Ashenzari.
  3530 | D:5      | XOM: 2-stop teleportation journey
  3628 | D:5      | XOM: fog
  3677 | D:4      | XOM: summons 6 friendly demons
  3741 | D:4      | Your scales start taking on a fiery red colour.
  3741 | D:4      | Reached XP level 7. HP: 35/55 MP: 8/13
  3741 | D:4      | Gained mutation: Your flesh is heat resistant. (rF+) [Red
                  | Draconian growth]
  4023 | D:3      | XOM: summons 2 hostile shadow creatures
  4027 | D:3      | XOM: 8-stop teleportation journey
  4229 | D:3      | XOM: cloud trail
  4253 | D:3      | Got the Almanac of Contamination
  4269 | D:3      | XOM: noise
  4670 | D:3      | XOM: summons 4 hostile demons
  4703 | D:2      | XOM is BORED!
  4703 | D:2      | XOM: summons 4 hostile shadow creatures
  4741 | D:1      | XOM: noise
  4955 | D:3      | Found a faded altar of an unknown god.
  4955 | D:3      | Found a faded altar of an unknown god.
  4957 | D:3      | Found a hazy altar of Hepliaklqana.
  4983 | D:3      | XOM: noise
  5004 | D:3      | Fell from the grace of Xom
  5004 | D:3      | Became a worshipper of Hepliaklqana the Forgotten
  5082 | D:4      | Reached skill level 7 in Air Magic
  5194 | D:4      | XOM: 3-stop teleportation journey
  5280 | D:4      | Noticed a steam dragon
  5290 | D:4      | Killed a steam dragon
  5291 | D:4      | Reached skill level 1 in Fighting
  5313 | D:4      | Killed from afar by an orc priest

Illustrated notes

Levels and vault maps discovered:
D:1:      psy_arrival_spokes, layout_basic,
          chequers_ecumenical_altar_simple_redux, wad_floor_pattern_untrapped
D:2:      layout_basic, serial_shops, nicolae_shop_crystal, basic_altar,
          uniq_natasha
D:3:      layout_basic, nicolae_hepliaklqana_ecumenical_no_more,
          corexii_hall_statues_l
D:4:      layout_basic, kennysheep_generic_room_15
D:5:      layout_loops_ring, nicolae_ashenzari_panopticon, temple_fountains,
          uniq_prince_ribbit1, uniq_menkaure
D:6:      layout_basic, old_standard_altar, mainiacjoe_overflow_alcove_1,
          minmay_misc_feat_x, uniq_edmund

Skill      XL: |  1  2  3  4  5  6  7 |
---------------+----------------------+-----
Air Magic      | 4 5 6 7 |  7.4
Spellcasting   | 3 4 |  4.7
Fighting       | 1 |  1.5
Dodging        | |  1.7
Stealth        | |  1.7
Conjurations   | |  1.0

Action                   |  1- 3 |  4- 6 |  7- 9 || total
-------------------------+-------+-------+-------++-------
Melee: Dagger            |     9 |    10 |    26 ||    45
       Unarmed           |     1 |       |       ||     1
       Tailslap          |     1 |       |     5 ||     6
 Cast: Shock             |    56 |    44 |     4 ||   104
       Static Discharge  |       |    30 |    31 ||    61
 Abil: Breathe Fire      |       |       |     3 ||     3
  Use: Potion            |       |     1 |       ||     1
Armor: Skin              |     6 |     9 |    31 ||    46
Dodge: Dodged            |    10 |    34 |    47 ||    91

Table legend: (Time is in decaauts)
 A = Elapsed time spent in this place.
 B = Non-inter-level travel time spent in this place.
 C = Inter-level travel time spent in this place.
 D = Time resting spent in this place.
 E = Time spent auto-exploring this place.
 F = Levels seen in this place.
 G = Mean time per level.
                   A        B        C        D        E       F      G
               +--------+--------+--------+--------+--------+-----+--------+
         Total |   5314 |   5235 |     79 |   1641 |   2582 |   6 |  885.7 |
       Dungeon |   5314 |   5235 |     79 |   1641 |   2582 |   6 |  885.7 |
               +--------+--------+--------+--------+--------+-----+--------+

Top non-repeatable levels by time:
     D:1: 1344 daAuts
     D:3: 1240 daAuts
     D:6: 1012 daAuts
     D:2: 882 daAuts
     D:4: 589 daAuts
     D:5: 244 daAuts
